[Event "CCT Julius Baer-D2-Place 2024"]
[Site "Online"]
[Date "2024.09.26"]
[Round "1"]
[White "Robson, Ray"]
[Black "Micki-taryan"]
[Result "1-0"]
[ECO "A29"]
[WhiteElo "2700"]
[BlackElo "2656"]
[Annotator "RC"]
[PlyCount "107"]
[EventDate "2024.09.25"]
[EventType "swiss"]
[EventCountry "NET"]
[SourceTitle "playchess.com"]
[Source "ChessBase"]
[SourceQuality "1"]
[TimeControl "600+2"]

1. c4 e5 2. g3 Nf6 3. Bg2 d5 4. cxd5 Nxd5 5. Nf3 Nc6 6. O-O Nb6 7. Nc3 Be7 8. b3 O-O 9. Bb2 Bf5 10. Rc1 e4 11. Ne1 Bf6 12. d3 Nd5 13. dxe4 Nxc3 14. Bxc3 Qxd1 15. Rxd1 Bg4 16. f3 Bxc3 17. fxg4 Ne5 18. Bf3 Bxe1 19. Rfxe1 c6 20. g5 Rfd8 21. Kf2 Kf8 22. Ke3 Ke7 23. Kf4 Ng6+ 24. Ke3 a5 25. a4 Ne5 26. Kf4 Nd7 27. Rc1 Nf8 28. Ke3 Ra6 29. h4 Rb6 30. Rc3 Ne6 31. Bg4 Nd4 32. Rb1 Rb4 33. Bf3 b6 34. e5 Nf5+ 35. Kf2 c5 36. Rd3 Rdd4 37. Bd5 g6 38. Rbd1 Rxd3 39. Rxd3 Nd4 40. Ke3 b5 41. Rc3 Nf5+ 42. Kf2 bxa4 43. bxa4 Rxa4 44. Rxc5 Ra3 45. Rc7+ Ke8 46. Bxf7+ Kd8 47. Ra7 Nxg3 48. e6 Nf5 49. Rd7+ Kc8 50. e7 Kxd7 51. e8=Q+ Kc7 52. Qe5+ Nd6 53. Qc5+ Kd7 54. Qxa3 1-0

[Event "CCT Julius Baer-D2-Place 2024"]
[Site "Online"]
[Date "2024.09.26"]
[Round "1"]
[White "Deac, Bogdan-Daniel"]
[Black "Yakubboev, Nodirbek"]
[Result "1/2-1/2"]
[ECO "C54"]
[WhiteElo "2680"]
[BlackElo "2666"]
[Annotator "TA"]
[PlyCount "111"]
[EventDate "2024.09.25"]
[EventType "swiss"]
[EventCountry "NET"]
[SourceTitle "playchess.com"]
[Source "ChessBase"]
[SourceQuality "1"]
[TimeControl "600+2"]

1. e4 e5 2. Nf3 Nc6 3. Bc4 Bc5 4. c3 Nf6 5. d3 a5 6. O-O {[%emt 0:00:02] C54: Giuoco Piano: 4 c3 Nf6, main lines with 5 d4 and 5 d3.} d6 7. Re1 Ba7 8. Na3 O-O 9. h3 h6 10. Be3 Bxe3 11. Rxe3 Re8 12. Nb5 $146 ({Predecessor:} 12. Qe1 Bd7 13. d4 exd4 14. Nxd4 Nxd4 15. cxd4 c6 16. Bd3 b5 17. Rd1 Qb6 18. Bb1 Rac8 19. Nc2 b4 20. f3 c5 {½-½ Dyson,J (2035)-Wiaderek,P (2236) FICGS class A 000269 email 2023 (1)}) 12... Ne7 13. d4 Ng6 14. Bf1 Bd7 15. c4 exd4 16. Qxd4 Bc6 17. Nc3 Nd7 18. Qd2 Nc5 19. Rae1 Ne6 20. Nd5 Ne5 21. Nd4 Nxd4 22. Qxd4 Nd7 23. Rg3 f6 24. Qd2 Kf8 25. Nf4 g5 26. Nd5 Re6 27. h4 Nc5 28. Bd3 (28. hxg5 $18 hxg5 29. f4 Bxd5 (29... Rxe4 $2 30. fxg5 Bxd5 31. gxf6 $18) (29... Nxe4 $2 30. Qd4 $18)) 28... Qd7 (28... Bxd5 $16 29. cxd5 Re7) 29. hxg5 $18 hxg5 30. f4 Nxd3 31. Qxd3 (31. Rxd3 Rae8 $18) 31... Qg7 $2 (31... Rae8 32. fxg5 f5) 32. fxg5 $18 fxg5 33. Rf1+ Ke8 34. Rh3 Kd7 $2 (34... g4 35. Nxc7+ Qxc7 36. Rh8+ Kd7 37. Rf7+ (37. Rxa8 Qb6+ 38. Kh2 g3+ 39. Kxg3 Rxe4 $18) 37... Re7 38. Rxe7+ (38. Rxa8 $2 Rxf7 39. Qd4 b6 $19) 38... Kxe7 39. Rh7+ (39. Rxa8 Qb6+ 40. Kh2 Qxb2 $18) 39... Kd8 40. Rxc7 Kxc7) 35. e5 $18 Rh8 36. Rxh8 Qxh8 {[%emt 0:00:00] [#]} 37. Rf7+ $2 (37. Qf5 $1 $18 {[%cal Rf5f7] White threatens Qf7+ and mate.} Qg7 38. Re1 (38. Nxc7 Qxe5 39. Qxe6+ Qxe6 $18)) 37... Kd8 $1 $11 38. Nxc7 Rh6 39. Qg3 (39. exd6 $2 {too greedy.} Rh1+ 40. Kf2 Qxb2+ 41. Qe2 Qd4+ 42. Qe3 Rf1+ (42... Qxd6 $2 {perishes.} 43. c5 $18) 43. Kxf1 Qxe3 $19) 39... Qxe5 (39... dxe5 $2 {loses.} 40. Qxg5+ Kc8 41. Qf5+ Kb8 42. Rf8+ $18) 40. Qxe5 dxe5 41. Nd5 Rd6 42. Rg7 Bxd5 43. cxd5 Rxd5 44. Rxg5 a4 45. Rg4 Rb5 46. Rxa4 Rxb2 47. Re4 Rxa2 48. Rxe5 Kd7 49. g4 Ra4 50. g5 Kd6 51. Rf5 Ke6 52. Rb5 Kf7 53. Kf2 Kg6 54. Rxb7 Kxg5 55. Rb5+ Kf6 56. Rb2 1/2-1/2

[Event "CCT Julius Baer-D2-Place 2024"]
[Site "Online"]
[Date "2024.09.26"]
[Round "1"]
[White "Yakubboev, Nodirbek"]
[Black "Deac, Bogdan-Daniel"]
[Result "1-0"]
[ECO "A21"]
[WhiteElo "2666"]
[BlackElo "2680"]
[Annotator "TA"]
[PlyCount "79"]
[EventDate "2024.09.25"]
[EventType "swiss"]
[EventCountry "NET"]
[SourceTitle "playchess.com"]
[Source "ChessBase"]
[SourceQuality "1"]
[TimeControl "600+2"]

1. c4 e5 2. Nc3 Bb4 3. Nd5 Be7 4. Nf3 d6 5. d4 Nd7 6. e4 Ngf6 7. Bd3 exd4 8. Nxd4 {[%emt 0:00:09] White is slightly better.} Nc5 9. O-O Nxd3 10. Qxd3 O-O 11. Nxe7+ Qxe7 12. f3 Nd7 13. b3 Nc5 14. Qc2 a5 15. Bb2 f6 16. Rae1 Bd7 17. Qd2 b6 18. Nc2 Qf7 19. Ne3 Rae8 20. g4 b5 21. Nd5 bxc4 22. bxc4 (22. Nxc7 Rc8 23. Qxd6 Nd3 $17) 22... Be6 23. Rc1 ({Much worse is} 23. Qxa5 Ra8 24. Qc3 c6 $11 (24... Rxa2 25. Ba3 $11)) 23... c6 24. Ne3 Rd8 25. Rfd1 Qc7 26. Bc3 Rd7 27. Bxa5 Qa7 28. Bc3 Ra8 29. Bd4 Qa3 30. Rc2 Rb7 31. Kf2 Kf7 32. h4 Nd7 33. Qe2 (33. g5 $18) 33... h6 34. Rd3 Qa4 {[%emt 0:00:03] [#]} (34... Qa5 $16) 35. f4 $1 $18 {[%emt 0:00:16][%cal Bf3f4,Bf4f5][%mdl 32] f5 is the strong threat.} Kg8 36. f5 Bf7 37. g5 $1 {[%emt 0:00:06] aiming for Qg4.} hxg5 (37... Kf8 $142 38. g6 Be8) 38. hxg5 fxg5 {[%emt 0:00:00] [#]} 39. Qg4 $1 c5 (39... Ne5 $142 40. Bxe5 (40. Qxg5 $2 {is the wrong capture.} Nxd3+ 41. Kg3 Be8 $19) 40... dxe5 41. Qxg5 Rf8) 40. Bc3 {[%emt 0:00:11] Weighted Error Value: White=0.08 (flawless) /Black=0.23 (precise) .  Mistake:       	White=1     	Black=3      Inaccurate:     	White=1     	Black=4      OK:         	White=11    	Black=7      Strong:       	White=3     	---} 1-0

[Event "CCT Julius Baer-D2-Place 2024"]
[Site "Online"]
[Date "2024.09.26"]
[Round "1"]
[White "Gelfand, Boris"]
[Black "Sargsyan, Shant"]
[Result "0-1"]
[ECO "E05"]
[WhiteElo "2658"]
[BlackElo "2649"]
[Annotator "TA"]
[PlyCount "94"]
[EventDate "2024.09.25"]
[EventType "swiss"]
[EventCountry "NET"]
[SourceTitle "playchess.com"]
[Source "ChessBase"]
[SourceQuality "1"]
[TimeControl "600+2"]

1. Nf3 d5 2. d4 Nf6 3. c4 e6 4. g3 Be7 5. Bg2 O-O 6. O-O dxc4 7. Qc2 a6 8. a4 Bd7 9. Qxc4 Bc6 10. Bg5 Nbd7 11. Rc1 a5 12. e3 h6 {[%emt 0:00:08] Strongly threatening ...Nb6. The position is equal.} 13. Bxf6 Nxf6 14. Nbd2 Bb4 15. Qe2 Bxd2 16. Nxd2 Bxg2 17. Kxg2 c6 18. Nc4 Nd5 19. Rd1 Nb6 20. b3 Qc7 21. Rac1 Rfd8 22. Ne5 Nd7 23. Nd3 Qb6 24. Qc2 Rac8 25. h4 Nf6 26. Nc5 Qc7 27. Qe2 Qe7 28. Qe1 Qc7 (28... b6 $5 29. Nd3 $8 Rd5 $11) 29. Nd3 h5 30. Rc5 Rd5 31. Rdc1 g6 32. Nf4 (32. R5c4 $14) 32... Rxc5 $11 33. Rxc5 b6 34. Rc1 Qd6 35. Qe2 c5 36. Qb5 Ne4 {[%emt 0:00:21] [#]} (36... Rd8 $11 {keeps the balance.}) 37. Rc2 (37. Qd3 $1 $16 Nf6 38. Nxg6) 37... Rd8 38. f3 Nf6 39. dxc5 bxc5 40. Qxa5 (40. e4 {feels hotter.} Qd1 41. Qxc5 e5 42. Ne2) 40... e5 41. Ne2 $2 {[%emt 0:00:46][%mdl 8192] [#] White does not recover from this.} (41. Nxg6 $15 fxg6 42. Qxc5) 41... e4 $1 $19 42. Qxc5 (42. Rxc5 $2 {perishes.} Qd1 $19) 42... exf3+ 43. Kxf3 {[%emt 0:00:01] Hoping for Qxd6.} Qe6 44. Qc6 {[%emt 0:00:39] Inhibits Qe4+.} (44. Qc4 $142 Qh3 45. Nd4 (45. Nf4 $2 Qh1+ 46. Ng2 Qd1+ 47. Qe2 Qd5+ 48. e4 Qxb3+ 49. Ne3 Rd3 $19)) 44... Qh3 45. Rc1 {[%emt 0:00:04] Inhibits Qf1+.} (45. Qxf6 $2 {too greedy.} Qf1+ 46. Ke4 Qxf6) (45. Nd4 $142 Ng4 46. Qb5) 45... Qg4+ 46. Kf2 Ne4+ 47. Ke1 Qf3 {[%emt 0:00:09] Weighted Error Value: White=0.64/Black=0.10 (very precise) .  Loses game:     	White=1     	---        Mistake:       	White=4     	Black=1      Inaccurate:     	White=2     	Black=1      OK:         	White=12    	Black=11     Best:        	White=1     	Black=4      Strong:       	---       	Black=1} 0-1

[Event "CCT Julius Baer-D2-Place 2024"]
[Site "Online"]
[Date "2024.09.26"]
[Round "1"]
[White "Gelfand, Boris"]
[Black "Sargsyan, Shant"]
[Result "1/2-1/2"]
[ECO "A34"]
[WhiteElo "2658"]
[BlackElo "2649"]
[Annotator "ChessBase"]
[PlyCount "138"]
[EventDate "2024.09.25"]
[EventType "swiss"]
[EventCountry "NET"]
[SourceTitle "playchess.com"]
[Source "ChessBase"]
[SourceQuality "1"]
[TimeControl "600+2"]

1. Nf3 d5 2. c4 e6 3. g3 Nf6 4. Bg2 Be7 5. O-O O-O 6. b3 c5 7. cxd5 Nxd5 8. Bb2 Nc6 9. Nc3 Nc7 10. Na4 Rb8 11. d4 cxd4 12. Nxd4 Nxd4 13. Qxd4 Qxd4 14. Bxd4 Nb5 15. Be5 Bd6 16. Bxd6 Nxd6 17. Rfd1 Nb5 18. Rac1 b6 19. Nb2 e5 20. e3 Bg4 21. Rd5 Rbc8 22. Rxc8 Rxc8 23. h3 Be2 24. Rxe5 Kf8 25. Rd5 Rc1+ 26. Kh2 Rc2 27. Na4 Ke7 28. Re5+ Kf8 29. Be4 Rxa2 30. Bc6 Nd6 31. Nc3 Rc2 32. Nxe2 Rxe2 33. Kg2 Rc2 34. Bf3 f6 35. Rd5 Ke7 36. Rd4 a5 37. Bd5 f5 38. g4 b5 39. gxf5 Nxf5 40. Re4+ Kd6 41. Bg8 h6 42. Re6+ Kd7 43. Re5 Nd6 44. Kg3 Rc5 45. Bd5 a4 46. bxa4 bxa4 47. f4 a3 48. Kf3 Kd8 49. e4 Ra5 50. Re6 Nb5 51. Rg6 Nc3 52. Bg8 Ra7 53. f5 Ke8 54. e5 a2 55. Bxa2 Nxa2 56. f6 gxf6 57. exf6 Ra3+ 58. Kg4 Kf7 59. Rxh6 Nc3 60. Rh7+ Kxf6 61. Rh6+ Kg7 62. Rc6 Nd5 63. h4 Nf6+ 64. Kf4 Ra4+ 65. Kg3 Nh5+ 66. Kh3 Nf4+ 67. Kg3 Nh5+ 68. Kh3 Nf4+ 69. Kg3 Nh5+ 1/2-1/2

[Event "CCT Julius Baer-D2-Place 2024"]
[Site "Online"]
[Date "2024.09.26"]
[Round "1"]
[White "Micki-taryan"]
[Black "Robson, Ray"]
[Result "1/2-1/2"]
[ECO "E16"]
[WhiteElo "2655"]
[BlackElo "2700"]
[Annotator "ChessBase"]
[PlyCount "267"]
[EventDate "2024.09.25"]
[EventType "swiss"]
[EventCountry "NET"]
[SourceTitle "playchess.com"]
[Source "ChessBase"]
[SourceQuality "1"]
[TimeControl "600+2"]

1. d4 Nf6 2. c4 e6 3. Nf3 Bb4+ 4. Bd2 c5 5. Bxb4 cxb4 6. g3 b6 7. Bg2 Bb7 8. O-O a5 9. Qd3 O-O 10. Nbd2 d5 11. Rac1 Nc6 12. Rfd1 Ba6 13. e4 dxe4 14. Nxe4 Rc8 15. b3 h6 16. Qe3 Nxe4 17. Qxe4 Qd6 18. Ne5 Bb7 19. Qf4 Qe7 20. Nxc6 Bxc6 21. d5 Bd7 22. d6 Qg5 23. Qf3 Bc6 24. Qxc6 Rxc6 25. Bxc6 Qc5 26. Bb5 Rd8 27. d7 Kf8 28. Rc2 g5 29. Rcd2 Ke7 30. Rd4 Qe5 31. Kg2 Qe2 32. R1d2 Qe1 33. h3 h5 34. Bc6 h4 35. g4 Kf6 36. Bf3 Ke7 37. Be2 Qa1 38. Bd1 Qc1 39. Bf3 Qa1 40. R4d3 Qe1 41. Bc6 Kf6 42. Rd1 Qe2 43. R3d2 Qe5 44. Bf3 Ke7 45. Bc6 Kf6 46. Rd3 Qe2 47. R1d2 Qe1 48. Rd6 Ke7 49. Bf3 Qe5 50. Rxb6 Rxd7 51. Rxd7+ Kxd7 52. Rb5 Qf4 53. c5 e5 54. c6+ Kc8 55. Be2 e4 56. Rf5 Qd2 57. Bc4 Kc7 58. Bd5 e3 59. Rxf7+ Kd6 60. Be4 Ke6 61. Rf3 e2 62. c7 Qc1 63. Bf5+ Kd6 64. Re3 Qxc7 65. Rxe2 Qc6+ 66. Be4 Qc3 67. Bf3 Qa1 68. Rd2+ Kc7 69. Rc2+ Kd6 70. Rd2+ Kc7 71. Be2 Kc8 72. Bb5 Kc7 73. Rc2+ Kb6 74. Bc6 Qe5 75. Bf3 Qa1 76. Re2 Kc7 77. Rd2 Kb6 78. Bd5 Qe5 79. Ba8 Qa1 80. Rc2 Qe5 81. Bc6 Qa1 82. Ba4 Kb7 83. Rc5 Qxa2 84. Rxa5 Qd2 85. Rc5 Kb6 86. Rc6+ Ka5 87. Rc5+ Kb6 88. Rf5 Qd4 89. Rb5+ Kc7 90. Rf5 Qe4+ 91. Kg1 Qe1+ 92. Kh2 Qe4 93. Bb5 Qd4 94. Bc4 Qd2 95. Kg2 Kb6 96. Rd5 Qf4 97. Bd3 Kc6 98. Rf5 Qd2 99. Bc4 Kc7 100. Rd5 Qf4 101. Bd3 Kc6 102. Rf5 Qd2 103. Be4+ Kc7 104. Rc5+ Kb6 105. Rf5 Kc7 106. Bd5 Kb6 107. Bc4 Kc7 108. Rf3 Kb6 109. Rd3 Qf4 110. Re3 Kc7 111. Be2 Kb6 112. Bf3 Kc7 113. Re4 Qd2 114. Re5 Kb6 115. Re6+ Kc7 116. Rc6+ Kd7 117. Rc4 Kd6 118. Be4 Ke7 119. Bf3 Kf6 120. Re4 Qc3 121. Re3 Qd2 122. Be2 Qd4 123. Bc4 Qd2 124. Kf3 Qd4 125. Ke2 Kg7 126. Rd3 Qe4+ 127. Re3 Qd4 128. Kf3 Kf6 129. Re6+ Kg7 130. Re4 Qc3+ 131. Kg2 Qd2 132. Re3 Kf6 133. Rd3 Qe1 134. Rd6+ 1/2-1/2

[Event "CCT Julius Baer-D2-Place 2024"]
[Site "Online"]
[Date "2024.09.26"]
[Round "1"]
[White "Micki-taryan"]
[Black "Robson, Ray"]
[Result "0-1"]
[ECO "E16"]
[WhiteElo "2649"]
[BlackElo "2700"]
[Annotator "TA"]
[PlyCount "100"]
[EventDate "2024.09.25"]
[EventType "swiss"]
[EventCountry "NET"]
[SourceTitle "playchess.com"]
[Source "ChessBase"]
[SourceQuality "1"]
[TimeControl "600+2"]

1. d4 Nf6 2. c4 e6 3. Nf3 Bb4+ 4. Bd2 c5 5. Bxb4 cxb4 6. g3 b6 $1 {[%emt 0:00:01][%mdl 4] is more profitable than 6...0-0 at the moment.} 7. Bg2 Bb7 8. O-O a5 {[%emt 0:00:02] E16: Queen's Indian: 4 g3 Bb7 5 Bg2 Bb4+.} 9. Qd3 O-O 10. Nbd2 d5 $5 {[%emt 0:00:04][%mdl 4] Leaves trodden paths.} 11. Rac1 dxc4 $146 ({Predecessor:} 11... Nbd7 12. cxd5 exd5 13. Ne5 Rc8 14. Qf5 Re8 15. Ndf3 Nxe5 16. Nxe5 Re7 17. Qf4 Ne4 {1-0 Sargsyan,S (2399)-Paramzina,A (2220) Moscow Aeroflot op-B 16th 2017 (3)}) 12. Nxc4 Be4 13. Qe3 Nc6 14. Rfd1 Rc8 15. d5 exd5 16. Qxb6 Qe7 17. Ne3 Qd7 18. Qb5 h6 19. Rc5 Rfd8 20. Rdc1 d4 21. Nc4 (21. Ne5 $16 Qe6 22. Bxe4 (22. Nxc6 Bxc6 23. Rxc6 dxe3 $11) (22. Rxc6 dxe3 23. Rxc8 exf2+ 24. Kxf2 Rxc8 $11) 22... Nxe5 23. Bf5 Rxc5 24. Rxc5 Qxa2 25. Nf1) 21... Qe6 (21... Rb8 $1 $11 22. Qa6 (22. Nb6 Qa7 $11) 22... Ra8) 22. Ncd2 $16 (22. Nxa5 Rb8 23. Qc4 Qxc4 24. Nxc4 Nd7) 22... Bd5 23. b3 ({White should try} 23. Ne1 $16) 23... Re8 24. Qa6 Ra8 (24... Qxe2 25. Qxe2 Rxe2 26. Bf1 $16) 25. Qd3 Rad8 (25... Qxe2 26. Qxe2 Rxe2 27. Rxc6 Bxc6 28. Rxc6 $14) 26. Qb5 (26. Nxd4 $2 Nxd4 27. e4 Bc6 $19 (27... Bxe4 $2 28. Nxe4 Nxe4 29. Bxe4 $19)) 26... Rb8 (26... Qxe2 $2 {too greedy.} 27. Bf1 Qe7 (27... Qxb5 $2 28. Bxb5 Ne5 29. Bxe8 $18) 28. Rxc6 $18) 27. Qa4 Rbc8 28. Bf1 g5 29. Nc4 $2 (29. Qb5 $11 {and White has nothing to worry.}) 29... Nd7 ({Resist} 29... Ne4 30. Rxd5 Qxd5 31. Nb6) (29... d3 $142 30. Ne3 Bxf3 31. exf3 d2) 30. Rxd5 $19 Qxd5 31. Nfd2 Qe6 32. Qb5 $2 (32. a3) 32... Rb8 $19 33. Qa6 Nc5 34. Bh3 Nxa6 35. Bxe6 Rxe6 36. Kf1 Nc5 37. Nb2 Nd7 38. Nd3 Nce5 39. Nb2 Rc6 40. Rb1 Rbc8 41. Ndc4 Nxc4 42. Nxc4 Nb6 43. Nxa5 Rc1+ 44. Rxc1 Rxc1+ 45. Kg2 Rc2 46. Kf3 f5 47. g4 fxg4+ 48. Kxg4 Rxe2 49. Kf3 Re6 50. Nc6 Rxc6 0-1

[Event "CCT Julius Baer-D2-Place 2024"]
[Site "Online"]
[Date "2024.09.26"]
[Round "1"]
[White "Sargsyan, Shant"]
[Black "Gelfand, Boris"]
[Result "1-0"]
[ECO "D02"]
[WhiteElo "2649"]
[BlackElo "2658"]
[Annotator "TA"]
[PlyCount "179"]
[EventDate "2024.09.25"]
[EventType "swiss"]
[EventCountry "NET"]
[SourceTitle "playchess.com"]
[Source "ChessBase"]
[SourceQuality "1"]
[TimeControl "600+2"]

1. d4 Nf6 2. Nf3 d5 3. Bf4 c5 4. e3 Nc6 5. Nbd2 Nh5 6. Be5 e6 7. Bb5 f6 8. Bg3 {[%emt 0:00:04] The position is equal.} (8. dxc5 $5 fxe5 9. Nxe5 $15) 8... Bd7 9. c3 cxd4 10. exd4 Be7 11. O-O Nxg3 12. hxg3 O-O 13. Re1 Kh8 14. Rc1 Qb6 15. c4 Rad8 16. Qe2 (16. cxd5 $11 Qxb5 17. dxc6 bxc6 18. Nb3) 16... dxc4 $15 17. Bxc6 Qxc6 18. Nxc4 Qa6 19. b3 Bb4 20. Red1 Rfe8 21. a3 Bf8 (21... Bxa3 $2 {too greedy.} 22. Ra1 $18) 22. a4 Bc6 23. Qc2 Bd5 24. Ne3 Qa5 25. Nxd5 Qxd5 26. Re1 Rd7 27. Qd3 Kg8 28. Rc4 a6 29. g4 b5 30. axb5 axb5 31. Rc2 Bb4 32. Re3 Ra7 33. Rc1 Bd6 34. g3 Rea8 35. Kg2 Ra1 36. Rxa1 (36. Rc2 {feels hotter.} f5 37. gxf5 exf5 38. b4) 36... Rxa1 37. Qc2 Ra8 38. Qe2 Kf7 39. Qc2 (39. g5 $1 $11) 39... h6 40. Kh2 Re8 41. Qd3 (41. Nh4 {feels hotter.} Rd8 42. Qd3 Rc8 43. Re2) 41... Kg8 42. Qg6 Re7 43. Rc3 Qa8 {[%emt 0:00:09] Prevents Rc8+.} 44. Qd3 Rc7 45. Rxc7 Bxc7 $11 {[%emt 0:00:01][%mdl 4096] Endgame. KQB-KQN} 46. Nh4 Qc6 47. Ng2 Bd6 48. Ne3 Kf7 49. d5 exd5 50. Nxd5 Bc5 51. Kg1 Qe6 52. Qf3 Qe5 53. Nf4 Be7 (53... g5 {seems wilder.} 54. Nd3 Qd4 55. Qf5 Be7) 54. Kg2 g5 (54... g6 $11) 55. Nd5 $1 $14 Qe6 56. Nc7 ({White should play} 56. Qd3 $14) 56... Qd7 $1 $11 57. Nd5 (57. Qd5+ $11 Qxd5+ 58. Nxd5) 57... Qe6 $14 58. Qd3 Kg7 {[%emt 0:00:13] Repels Qh7+} (58... Qc6 $14) 59. Ne3 $2 (59. Qxb5 $18 {aiming for Qb7.} Bf8 60. Qb7+ Qf7 61. Qc6) 59... Qc6+ 60. Kh2 Bf8 61. Nf5+ Kf7 62. Qe3 {[%emt 0:00:04] White is more active.} Qb7 63. Qc3 Qd7 64. Qf3 Kg6 65. Qe4 Kf7 66. Ne3 Kg7 {[%emt 0:00:02] Inhibits Qh7+.} 67. Kg2 Qf7 68. Nf5+ Kg8 69. Qa8 Qxb3 70. Nxh6+ Kg7 71. Nf5+ Kg8 (71... Kf7 $11 {keeps the balance.}) 72. Qc6 $16 Qc4 73. Qxf6 Qxg4 74. Qg6+ Kh8 75. Qf6+ Kg8 {[%emt 0:00:01] [#]} 76. Qe6+ $1 Kh8 77. Qe5+ Kg8 78. Qxb5 Qe4+ 79. Kh2 Qf3 {[%emt 0:00:01] [#] Inhibits Qb3+.} (79... Kf7 $16 {was called for.}) 80. Kg1 $1 $18 Qe4 $2 {[%emt 0:00:03] Wards off Qc4+} (80... Qh5 $16 81. Qe5 Qf7) 81. Ne3 $2 (81. Qb3+ $18 {is the precise move to win.} Kh8 82. Qf7) 81... Be7 $2 (81... Qg6 $16 82. Qe5 Bd6 83. Qd5+ Kh7) 82. Qe8+ Kh7 83. Qf7+ Kh8 84. Qe8+ $2 (84. Nf5 {mates} Qb1+ 85. Kh2 Qb2 86. Nxe7 (86. Qxe7 Qxf2+ 87. Kh1 Qf1+ 88. Kh2 Qxf5 $11) 86... Qg7 87. Qxg7+ (87. Qe8+ Kh7 $18) 87... Kxg7 88. Kh3 Kf7 89. Kg4) 84... Kh7 $1 $16 85. Qf7+ $2 (85. g4 $16) 85... Kh8 86. Nf5 {[%emt 0:00:00][%csl Gf5][%cal Rf7g7] White mates.} Qe1+ 87. Kg2 Qe4+ 88. Kh2 Qe5 89. Qe8+ Kh7 90. Qxe7+ {[%emt 0:00:00] Weighted Error Value: White=0.12 (very precise) /Black=0.12 (very precise) .  Loses game:     	---       	Black=2      Missed win:     	White=1     	---        Mistake:       	White=5     	Black=4      Inaccurate:     	White=5     	Black=7      OK:         	White=31    	Black=18     Best:        	White=3     	Black=8      Strong:       	White=2     	Black=1} 1-0

[Event "CCT Julius Baer-D2-Place 2024"]
[Site "Online"]
[Date "2024.09.26"]
[Round "1"]
[White "Guseinov, Gadir"]
[Black "Lazavik, Denis"]
[Result "0-1"]
[ECO "C56"]
[WhiteElo "2636"]
[BlackElo "2578"]
[Annotator "TA"]
[PlyCount "58"]
[EventDate "2024.09.25"]
[EventType "swiss"]
[EventCountry "NET"]
[SourceTitle "playchess.com"]
[Source "ChessBase"]
[SourceQuality "1"]
[TimeControl "600+2"]

1. e4 e5 2. Nf3 Nc6 3. d4 exd4 4. Bc4 Nf6 5. e5 Ne4 6. Qe2 Nc5 $1 7. c3 {[%emt 0:00:05] [#]} d3 8. Qe3 Be7 9. O-O {[%emt 0:00:07][%cal Ob2b4] The position is equal.} O-O 10. b4 {[%emt 0:00:23] Inhibits d6.} Ne6 11. Bxd3 d6 12. Rd1 Bd7 13. exd6 (13. Qe4 $5 g6 $8 14. Bf1 $11) 13... Bxd6 14. b5 Ne7 15. Ba3 Re8 16. Bxd6 cxd6 17. Na3 Qc7 18. Rac1 Rad8 19. Nd4 Ng6 20. Nxe6 Bxe6 21. Bxg6 hxg6 22. Qd2 Qc5 23. Qb2 Rc8 {[%emt 0:00:07] Black has more active pieces.} 24. Re1 Bf5 25. c4 d5 (25... Rxe1+ $142 26. Rxe1 d5 27. cxd5 Qxd5) 26. Rxe8+ $2 {[%emt 0:00:29] This move loses the game for White.} (26. Red1 $17 {was necessary.}) 26... Rxe8 $19 27. h3 dxc4 {[%emt 0:00:05] Threatens to win with ...b6.} 28. Nxc4 {[%emt 0:00:07] [#]} (28. b6 axb6 29. Qb5 Qxb5 30. Nxb5) 28... Rc8 $1 29. b6 axb6 {[%emt 0:00:03] Weighted Error Value: White=0.24 (precise) /Black=0.05 (flawless) .  Loses game:     	White=1     	---        Mistake:       	White=1     	Black=1      Inaccurate:     	White=1     	---        OK:         	White=7     	Black=9      Best:        	White=1     	---        Strong:       	---       	Black=1} 0-1

[Event "CCT Julius Baer-D2-Place 2024"]
[Site "Online"]
[Date "2024.09.26"]
[Round "1"]
[White "Santos Latasa, Jaime"]
[Black "Indjic, Aleksandar"]
[Result "0-1"]
[ECO "C55"]
[WhiteElo "2624"]
[BlackElo "2611"]
[Annotator "RC"]
[PlyCount "58"]
[EventDate "2024.09.25"]
[EventType "swiss"]
[EventCountry "NET"]
[SourceTitle "playchess.com"]
[Source "ChessBase"]
[SourceQuality "1"]
[TimeControl "600+2"]

1. e4 e5 2. Nf3 Nc6 3. Bc4 Nf6 4. d3 h6 5. c3 d6 6. a4 g6 7. O-O Bg7 8. Re1 O-O 9. Nbd2 Be6 10. Bxe6 fxe6 11. b4 g5 12. h3 Ne7 13. d4 Ng6 14. dxe5 dxe5 15. Qb3 Qe8 16. Nc4 Nh5 17. Nh2 Nhf4 18. Bxf4 exf4 19. Rad1 f3 20. g3 Rd8 21. Rxd8 Qxd8 22. Re3 Rf7 23. Nxf3 h5 24. Qc2 Bh6 25. Nfe5 Nxe5 26. Nxe5 Rg7 27. Rd3 Qf6 28. Nd7 Qg6 29. e5 Rxd7 0-1

[Event "CCT Julius Baer-D2-Place 2024"]
[Site "Online"]
[Date "2024.09.26"]
[Round "1"]
[White "Indjic, Aleksandar"]
[Black "Santos Latasa, Jaime"]
[Result "0-1"]
[ECO "B44"]
[WhiteElo "2611"]
[BlackElo "2624"]
[Annotator "TA"]
[PlyCount "114"]
[EventDate "2024.09.25"]
[EventType "swiss"]
[EventCountry "NET"]
[SourceTitle "playchess.com"]
[Source "ChessBase"]
[SourceQuality "1"]
[TimeControl "600+2"]

1. Nf3 Nf6 2. c4 c5 3. Nc3 Nc6 4. d4 cxd4 5. Nxd4 e6 6. e4 Bb4 7. Nxc6 bxc6 8. Bd3 e5 9. O-O O-O 10. h3 {[%emt 0:00:05] is the new trend. B44: Sicilian: Taimanov: 5 Nb5.} Bxc3 11. bxc3 d6 12. f4 Qe7 13. fxe5 Qxe5 14. Bf4 $146 ({Predecessor:} 14. Qe1 Nd7 15. Bf4 Qe6 16. Rd1 Ba6 17. Be2 Ne5 18. c5 Bxe2 19. Qxe2 dxc5 20. Bxe5 Qxe5 21. Qc4 Rae8 22. Rd7 Qe6 23. Qxe6 Rxe6 24. Rf4 {½-½ Berczes,D (2439)-Can,I (2505) Budapest SixDays 05 GM-A 2023 (4)}) 14... Qc5+ 15. Kh1 Be6 16. Qf3 Nd7 17. Qg3 (17. Qf2 {simplifies} Qxf2 18. Rxf2 Ne5 19. Rd1) 17... Ne5 18. Bh6 Ng6 $1 19. Be3 Qe5 20. Qe1 c5 21. Rd1 Rad8 22. Bg1 Qg5 23. Bh2 Ne5 24. Bf4 Qe7 25. Bxe5 dxe5 26. Qe3 Rd7 27. Be2 Rxd1 28. Rxd1 Rb8 29. Qg3 Qc7 (29... Rb2 $15 30. Qxe5 f6 (30... Rxe2 $2 31. Qb8+ Qf8 32. Rd8 $18)) 30. Bg4 $1 $11 Bxc4 31. Rd7 Qb6 32. Qxe5 Bxa2 33. Rc7 a5 34. Kh2 a4 35. Rc6 {[%emt 0:00:47] [#]} (35. Bc8 $11 g6 (35... Be6 36. Rxc5 Ra8 37. Rb5 $11) 36. Qe8+ Kg7 37. Rc6) 35... Qd8 $1 $17 ({Inferior is} 35... Qxc6 36. Qxb8+) 36. Rxc5 (36. Qxc5 $17 Bb3 37. e5) 36... Ra8 37. c4 a3 38. Rd5 $2 (38. Rc7 {was the only chance.} Qf8 39. Bh5) 38... Qf8 $19 39. Qc3 Bxc4 40. Qxc4 a2 41. Rd1 a1=Q ({Worse is} 41... a1=B 42. Rd7 $11) 42. Rxa1 Rxa1 43. Qc7 Rb1 44. Kg3 Qb8 45. Qxb8+ Rxb8 46. Kf4 Rb4 47. Bf3 Kf8 48. h4 Ke7 49. h5 (49. Bg4 $142) 49... Kf6 $19 50. Bg4 g5+ 51. hxg6 fxg6 52. Bd7 h5 53. Be8 g5+ 54. Ke3 h4 55. Bd7 Ke5 56. Bf5 Rb3+ 57. Kf2 Kf4 0-1